 Dungeon Crawl Stone Soup version 0.22-a0-160-gcc81d7a (webtiles) character file.

84 theanonym the Skirmisher (level 4, -8/34 HPs)
             Began as a Mummy Enchanter on Feb 10, 2018.
             Killed by divine providence
             ... invoked by an orc priest
              (13 damage)
             ... on level 5 of the Dungeon.
             The game lasted 00:08:35 (4257 turns).

theanonym the Skirmisher (Mummy Enchanter)          Turns: 4257, Time: 00:08:36

Health: -8/34      AC:  6    Str: 12    XL:     4   Next: 23%
Magic:  8/8        EV:  6    Int: 14    God:
Gold:   187        SH:  8    Dex: 12    Spells: 7/8 levels left

rFire    x . .     SeeInvis .   a - +0 morningstar
rCold    + . .     Gourm    .   d - +2 shield
rNeg     + + +     Faith    .   i - +0 scale mail
rPois    ∞         Spirit   .   (no helmet)
rElec    .         Reflect  .   (no cloak)
rCorr    .         Harm     .   (no gloves)
MR       .....                  (no boots)
Stlth    +.........             (no amulet)
HPRegen  0.11/turn              (no ring)
MPRegen  0.11/turn              (no ring)

@: no status effects
A: no food or potions, fire vulnerability, cold resistance 1, negative energy
resistance 3, torment resistance, unbreathing
a: no special abilities


Innate Abilities, Weirdness & Mutations

You do not eat or drink.
Your flesh is vulnerable to fire.
You are immune to poison.
Your flesh is cold resistant. (rC+)
You are immune to negative energy. (rN+++)
You are immune to unholy pain and torment.
You can survive without breathing.


   Skills:
 + Level 2.8 Fighting
 - Level 0.7 Short Blades
 * Level 2.0 Maces & Flails
 - Level 1.5 Dodging
 - Level 2.4 Stealth
 - Level 2.6 Spellcasting
 - Level 2.6 Hexes


You had 7 spell levels left.
You knew the following spells:

 Your Spells              Type           Power        Failure   Level  Hunger
a - Corona                Hex            #......      96%         1    N/A

Skill      XL: |  1  2  3  4 |
---------------+-------------+-----
Fighting       | 1 2 |  2.8
Maces & Flails | 1 2 |  2.0
Short Blades   | |  0.7
Dodging        | |  1.5
Stealth        | |  2.4
Spellcasting   | |  2.6
Hexes          | |  2.6

Action                   |  1- 3 |  4- 6 || total
-------------------------+-------+-------++-------
Melee: Dagger            |   167 |       ||   167
       Morningstar       |    85 |    37 ||   122
 Cast: Corona            |     1 |       ||     1
  Use: Scroll            |     2 |     2 ||     4
 Stab: Sleeping          |     2 |       ||     2
       Distracted        |     1 |       ||     1
Armor: Robe              |    11 |       ||    11
       Leather armour    |    13 |       ||    13
       Scale mail        |    62 |    27 ||    89
Dodge: Dodged            |    73 |    19 ||    92
Block: Shield            |   124 |    35 ||   159

Inventory:

Hand Weapons
 a - a +0 morningstar (weapon)
   (You found it on level 2 of the Dungeon)
 b - a cursed +0 blowgun
   (You took it off a kobold on level 3 of the Dungeon)
 f - a +0 club
   (You took it off a goblin on level 1 of the Dungeon)
 j - a +1 dagger
Missiles
 g - 28 poisoned needles
Armour
 c - a +0 robe
 d - a +2 shield (worn)
   (You found it on level 1 of the Dungeon)
 e - a +0 leather armour
   (You found it on level 1 of the Dungeon)
 i - a +0 scale mail (worn)
   (You found it on level 2 of the Dungeon)
Scrolls
 h - a scroll of amnesia
 n - 4 scrolls of remove curse


You were on level 5 of the Dungeon.
You were not hungry.

You visited 1 branch of the dungeon, and saw 5 of its levels.

You collected 187 gold pieces.

Dungeon Overview and Level Annotations

Branches:
Dungeon (5/15)
 Temple: D:4-7

Altars:

Annotations:
D:3 Grinder
D:4 Dowan, Duvessa

##.# #.##...##
#...##.
...#...
#.....##.....
#)..........#
# #..#.#.#
.(..####.#...#
..o....<.##.##
###.####.##.#
#@##o# #.>..#
#....###
#.#o.# #.#o.#
# #..# #.o.
#o.# ...)


You could see an orc priest and 3 orcs.

Notes
Turn   | Place    | Note
-------+----------+-------------------------------------------
     0 | D:1      | theanonym the Mummy Enchanter began the quest for the Orb.
     0 | D:1      | Reached XP level 1. HP: 13/13 MP: 4/4
   114 | D:1      | Reached skill level 1 in Fighting
   248 | D:1      | Reached XP level 2. HP: 22/22 MP: 5/5
   340 | D:1      | Reached skill level 2 in Fighting
   967 | D:2      | HP: 10/23 [worm (3)]
  1166 | D:2      | Reached XP level 3. HP: 21/28 MP: 7/7
  1250 | D:2      | HP: 14/28 [worm (7)]
  1254 | D:2      | HP: 6/28 [worm (8)]
  1504 | D:2      | HP: 6/28 [worm (9)]
  1748 | D:2      | HP: 13/28 [worm (8)]
  2317 | D:2      | HP: 13/28 [worm (3)]
  2320 | D:2      | HP: 3/28 [worm (8)]
  2698 | D:2      | HP: 8/28 [worm (9)]
  2997 | D:3      | Reached skill level 1 in Maces & Flails
  3091 | D:3      | HP: 14/28 [bat (1)]
  3099 | D:3      | HP: 12/28 [leopard gecko (3)]
  3105 | D:3      | HP: 10/28 [giant cockroach (1)]
  3114 | D:3      | HP: 10/28 [bat (1)]
  3477 | D:3      | Reached XP level 4. HP: 33/34 MP: 8/8
  3681 | D:3      | Noticed Grinder
  3683 | D:3      | Paralysed by Grinder for 6 turns
  3692 | D:3      | HP: 17/34 [Grinder (8)]
  4160 | D:4      | Noticed Duvessa
  4160 | D:4      | Noticed Dowan
  4233 | D:4      | Reached skill level 2 in Maces & Flails
  4237 | D:4      | HP: 12/34 [something/puff of flame (15)]
  4241 | D:4      | HP: 3/34 [something/puff of flame (9)]
  4244 | D:5      | Entered Level 5 of the Dungeon
  4257 | D:5      | Killed from afar by an orc priest

Vanquished Creatures
  2 adders (D:3)
  2 oozes (D:2)
  3 dart slugs
  3 leopard geckos
  9 bats
  5 giant cockroaches
  5 hobgoblins
  5 frilled lizards
  5 goblins
  4 kobolds
  4 rats
47 creatures vanquished.

Vanquished Creatures (others)
  An orc wizard (D:4)
  17 toadstools (D:4)
18 creatures vanquished.

Grand Total: 65 creatures vanquished

Table legend:
 A = Turns spent in this place as a percentage of turns spent in the entire game.
 B = Non-inter-level travel turns spent in this place as a percentage of non-inter-level travel turns spent in the entire game.
 C = Inter-level travel turns spent in this place as a percentage of turns spent in this place.
 D = Turns resting spent in this place as a percentage of non-inter-level travel turns spent in this place.
 E = Turns spent auto-exploring this place as a percentage of non-inter-level travel turns spent in this place.
 F = Non-inter-level travel turns spent in this place divided by the number of levels of this place that you've seen.
                   A       B       C       D       E      F
               +-------+-------+-------+-------+-------+----------------------
         Total | 100.0 | 100.0 |   4.7 |  41.5 |  36.5 | 811.2
       Dungeon | 100.0 | 100.0 |   4.7 |  41.5 |  36.5 | 811.2
               +-------+-------+-------+-------+-------+----------------------
